 Dungeon Crawl Stone Soup version 0.21-a0-193-g085b6a0 (webtiles) character file.

982 Ijustatesigmund the Twirler (level 8, 0/65 HPs)
             Began as a Formicid Fighter on Aug 14, 2017.
             Slain by an orc warrior
             ... wielding a +0 war axe
              (11 damage)
             ... in a bailey.
             The game lasted 00:12:22 (4312 turns).

Ijustatesigmund the Twirler (Formicid Fighter)      Turns: 4312, Time: 00:12:23

Health: 0/65       AC: 10    Str: 21    XL:     8   Next: 40%
Magic:  8/8        EV:  6    Int:  8    God:
Gold:   293        SH: 11    Dex: 12    Spells: 7/7 levels left

rFire    + + .     SeeInvis +   a - +0 quarterstaff
rCold    . . .     Gourm    .   c - +1 shield
rNeg     . . .     Faith    .   b - +0 chain mail
rPois    +         Spirit   .   (helmet unavailable)
rElec    +         Reflect  .   (no cloak)
rCorr    +         Harm     .   r - +0 pair of gloves
MR       .....                  (no boots)
Stlth    ..........             (no amulet)
HPRegen  0.20/turn              d - ring of wizardry
MPRegen  0.11/turn              n - ring of the Last People {Fire Slay+5}

@: resistant, very slightly contaminated
A: permanent stasis, dig shafts and tunnels, four strong arms, antennae 3
a: Dig, Shaft Self


You were in a bailey.
You were not hungry.

You visited 1 branch of the dungeon, and saw 6 of its levels.
You also visited: Bailey.

You collected 293 gold pieces.

Inventory:

Hand Weapons
 a - a +0 quarterstaff (weapon)
Armour
 b - a +0 chain mail (worn)
 c - a +1 shield (worn)
 r - a +0 pair of gloves (worn)
Jewellery
 d - a ring of wizardry (left hand)
 n - the ring of the Last People (right hand) {Fire Slay+5}
   (You found it on level 5 of the Dungeon)

   [ring of fire]

   It enhances your fire magic.
   It affects your accuracy and damage with ranged weapons and melee attacks
   (+5).
   It protects you from fire.
   It makes you vulnerable to cold.
Scrolls
 e - a scroll of magic mapping
Potions
 i - a potion of lignification
Books
 p - a book of Necromancy

   Spells                             Type                      Level
   a - Pain                           Necromancy                   1
   b - Animate Skeleton               Necromancy                   1
   c - Vampiric Draining              Necromancy                   3
   d - Regeneration                   Charms/Necromancy            3
   e - Animate Dead                   Necromancy                   4
   f - Control Undead                 Necromancy                   4
Comestibles
 f - 6 bread rations
 g - 6 meat rations
 k - 2 royal jellies


   Skills:
 + Level 6.4 Fighting
 * Level 7.3 Staves
 - Level 3.2 Armour
 - Level 5.1 Shields


You had 7 spell levels left.
You didn't know any spells.

Dungeon Overview and Level Annotations

Branches:
Dungeon (7/15)
 Temple: D:4-7

Altars:
Ashenzari
Gozag
Ru
Sif Muna
Zin

Shops:
D:5 ?   D:7 [


Innate Abilities, Weirdness & Mutations

You cannot be hasted, slowed, berserked, paralysed or teleported.
You can dig through walls and to a lower floor.
Your four strong arms can wield two-handed weapons with a shield.
You have a pair of large antennae on your head. (SInv)


Message History

The weapon returns to the kobold!
The kobold throws a tomahawk of returning.
The tomahawk of returning hits you but does no damage.
You sock the orc warrior!
The orc warrior is heavily wounded.
The orc warrior hits you with a war axe.
You bump into the stone wall.
The sentinel's mark upon you fades away.
The orc warrior hits you with a war axe!
* * * LOW HITPOINT WARNING * * *
You sock the orc warrior!
The orc warrior is severely wounded.
The orc warrior hits you with a war axe!
* * * LOW HITPOINT WARNING * * *
An orc comes into view. It is wielding a hand axe.
You feel less invigorated.
You feel less confused.
The kobold shouts!
The orc warrior hits you with a war axe!
You die...

▓▓▓▓▓
▓.∩.▓
▓^.^▓
▓@∩.▓
##o## {
≈g≈K
#≈g≈##
{K≈o≈K
##≈o≈##


K≈o≈K #≈o≈# You could see 3 orc warriors, 2 orcs, 2 hobgoblins and 3 kobolds.

Vanquished Creatures
  The ghost of PeterMcNeter the Cudgeler, an amateur TeBe of Trog (D:3)
  An orc warrior (Bailey)
  A sky beast (D:5)
  An ogre (D:7)
  Blork the orc (D:4)
  A scorpion (D:5)
  A crimson imp (D:7)
  2 hounds
  2 orc priests (D:3)
  A bullfrog skeleton (D:4)
  An iguana (D:5)
  5 worker ants
  4 adders
  A gnoll (Bailey)
  2 shadow imps (D:5)
  An adder zombie (D:5)
  2 worms (D:4)
  2 dart slugs
  4 leopard geckos
  10 orcs
  2 ball pythons
  8 bats
  4 giant cockroaches
  7 goblins
  6 hobgoblins
  3 jackals (D:2)
  A quokka (D:3)
  4 frilled lizards
  5 kobolds
  2 quokka skeletons
  4 rats
90 creatures vanquished.

Vanquished Creatures (others)
  7 toadstools (D:1)
7 creatures vanquished.

Grand Total: 97 creatures vanquished

Notes
Turn   | Place    | Note
-------+----------+-------------------------------------------
     0 | D:1      | Ijustatesigmund the Formicid Fighter began the quest for the Orb.
     0 | D:1      | Reached XP level 1. HP: 18/18 MP: 1/1
    92 | D:1      | Reached XP level 2. HP: 24/24 MP: 2/2
   541 | D:2      | Reached XP level 3. HP: 29/29 MP: 3/3
  1045 | D:2      | Found a glowing silver altar of Zin.
  1279 | D:2      | Found a sacrificial altar of Ru.
  1338 | D:2      | Reached XP level 4. HP: 37/37 MP: 4/4
  1569 | D:3      | Reached skill level 3 in Staves
  1586 | D:3      | Noticed PeterMcNeter's ghost (amateur TeBe)
  1715 | D:3      | Killed PeterMcNeter's ghost
  1715 | D:3      | Reached skill level 4 in Staves
  1715 | D:3      | Reached XP level 5. HP: 14/43 MP: 5/5
  1965 | D:3      | Reached XP level 6. HP: 49/49 MP: 6/6
  1966 | D:3      | Reached skill level 5 in Shields
  2012 | D:3      | Found a shattered altar of Ashenzari.
  2692 | D:4      | Found an opulent altar of Gozag.
  2762 | D:4      | Found the +4 dagger "Morg" {pain, MR+ Int+5}
  2781 | D:4      | Reached skill level 5 in Fighting
  2787 | D:4      | Noticed Blork the orc
  2799 | D:4      | Killed Blork the orc
  2799 | D:4      | Reached skill level 5 in Staves
  2799 | D:4      | Reached XP level 7. HP: 29/56 MP: 7/7
  2980 | D:4      | Found a deep blue altar of Sif Muna.
  3470 | D:5      | Entered Level 5 of the Dungeon
  3866 | D:5      | Reached skill level 6 in Staves
  3994 | D:5      | Got a vibrating steel ring
  3995 | D:5      | Identified the ring of the Last People {Fire Slay+5} (You found it on level 5 of the Dungeon)
  4015 | D:5      | Found Siustyxkie's Magic Scroll Shop.
  4028 | D:5      | Reached XP level 8. HP: 43/64 MP: 8/8
  4041 | D:5      | You fall through a shaft for 2 floors!
  4172 | D:7      | Reached skill level 7 in Staves
  4241 | D:7      | Found Bivarroere's Armour Shop.
  4261 | D:7      | Found a flagged portal.
  4271 | Bailey   | Entered a bailey
  4312 | Bailey   | Slain by an orc warrior

Vault maps used:
D:1:      nagdon_arrival_zigzag_paths
D:2:      lemuel_coloured_pillars_altar, lemuel_doored_altar,
          minmay_misc_feat_plants
D:3:      ashenzari_conservatory_becter, first_bread
D:4:      led_sif_pool, nicolae_overflow_crystal_walls, uniq_blork_the_orc
D:5:      fedhas_altar_4, serial_shops,
          nicolae_shop_temple_entry_statues_fountains
D:7:      lightli_bailey_entry_fortress, serial_shops, shop, grunt_ogre_cave,
          guppyfry_early_elven_hall
Bailey:   bailey_axe_1, bailey

Skill      XL: |  1  2  3  4  5  6  7  8 |
---------------+-------------------------+-----
Shields        | 4 5 |  5.1
Fighting       | 4 5 6 |  6.4
Staves         | 4 5 6 7 |  7.3
Armour         | |  3.2

Action                   |  1- 3 |  4- 6 |  7- 9 || total
-------------------------+-------+-------+-------++-------
Melee: Quarterstaff      |    82 |   104 |   115 ||   301
 Abil: Dig               |     1 |       |     1 ||     2
       Shaft Self        |       |       |     1 ||     1
  Use: Scroll            |     5 |     2 |     5 ||    12
       Potion            |       |     1 |     7 ||     8
  Eat: Chunk             |     1 |     5 |     4 ||    10
       Fruit             |       |       |     3 ||     3
Armor: Scale mail        |    31 |    29 |       ||    60
       Chain mail        |       |    12 |    37 ||    49
Dodge: Dodged            |    26 |    34 |    25 ||    85
Block: Shield            |    46 |    56 |    63 ||   165
